 Dungeon Crawl Stone Soup version 0.24-a0-132-ge4b1dce (webtiles) character file.

Game seed: 2813788467296376394

270 emperorscorpion the Chopper (level 6, -1/84 HPs)
             Began as a Deep Dwarf Berserker on Feb 27, 2019.
             Was a Believer of Trog.
             Shot with an arrow by a centaur (11 damage)
             ... on level 6 of the Dungeon.
             The game lasted 00:02:47 (657 turns).

emperorscorpion the Chopper (Deep Dwarf Berserker)   Turns: 657, Time: 00:02:48

Health: -1/84      AC:  5    Str: 28    XL:     6   Next: 1%
Magic:  6/6        EV: 12    Int:  7    God:    Trog [**....]
Gold:   46         SH:  0    Dex: 12    Spells: 5/5 levels left

rFire    + . .     SeeInvis +   a - +0 hand axe
rCold    . . .     Gourm    .   (no shield)
rNeg     . . .     Faith    .   n - +0 ring mail (curse)
rPois    .         Spirit   .   (no helmet)
rElec    .         Reflect  .   (no cloak)
rCorr    .         Harm     .   (no gloves)
MR       .....                  (no boots)
Stlth    ..........             (no amulet)
HPRegen  0.00/turn              d - ring of protection from fire
MPRegen  0.10/turn              m - ring of see invisible

@: berserking, non-regenerating, very quick
A: damage resistance, heal wounds, sense surroundings 1, no regeneration
a: Heal Wounds, Berserk, Trog's Hand, Renounce Religion


You were on level 6 of the Dungeon.
You worshipped Trog.
Trog was pleased with you.
You were hungry.

You visited 1 branch of the dungeon, and saw 6 of its levels.

You collected 46 gold pieces.

Inventory:

Hand Weapons
 a - a +0 hand axe (weapon)
Missiles
 q - 19 poisoned needles
Armour
 b - a +0 animal skin
 e - a +0 ring mail
 n - a cursed +0 ring mail (worn)
Magical Staves
 g - an uncursed staff of cold
 j - an uncursed staff of summoning
Jewellery
 d - a ring of protection from fire (left hand)
 m - a ring of see invisible (right hand)
 p - a +3 ring of protection {unknown}
Wands
 o - a wand of disintegration (14)
Scrolls
 i - a scroll of fog
 k - 3 scrolls of identify
Potions
 h - a potion of might
 l - a potion of curing
Comestibles
 c - 2 rations
 f - 7 chunks of flesh


   Skills:
 + Level 3.5 Fighting
 + Level 5.2 Axes
 + Level 3.9 Armour
 + Level 3.5 Dodging


You had 5 spell levels left.
You didn't know any spells.
Your spell library was empty.

Dungeon Overview and Level Annotations

Branches:
Dungeon (6/15)
 Temple: D:4-7

Altars:
Trog
Xom


Innate Abilities, Weirdness & Mutations

You are resistant to damage.
You can heal yourself by infusing magical energy.
You passively map a small area around you.
You do not regenerate.


Message History

The centaur wields a +0 shortbow.
The centaur shoots an arrow.
The arrow misses you.
You see here an arrow.
The centaur shoots an arrow.
The arrow hits you!
You see here an arrow.
The centaur shoots an arrow.
The arrow barely misses you.
The centaur shoots an arrow.
The arrow hits you!
The centaur shoots an arrow.
The arrow hits you!
* * * LOW HITPOINT WARNING * * *
You see here 2 arrows.
You are too injured to fight recklessly!
You are too injured to fight recklessly!
A red film seems to cover your vision as you go berserk!
You feel yourself moving faster!
You feel mighty!
You are feeling hungry.
The centaur shoots an arrow.
The arrow hits you!
* * * LOW HITPOINT WARNING * * *
You feel a strong urge to attack something.
The centaur shoots an arrow.
The arrow hits you!
You die...

, * , , * * * ,, , * **
* *** ** ** * ,, , ,
,,,,
########################
.....c.@(.(((....(......
########################
* * *


You could see a centaur.

Vanquished Creatures
  A bullfrog (D:6)
  A scorpion (D:5)
  A hound (D:6)
  A worker ant (D:6)
  A hound skeleton (D:4)
  5 adders
  An adder skeleton (D:4)
  2 worms (D:2)
  2 leopard geckos (D:2)
  5 orcs (D:3)
  5 bats
  A giant cockroach (D:2)
  3 jackals (D:6)
  2 quokkas (D:6)
  A ball python (D:2)
  A frilled lizard (D:2)
  A jackal skeleton (D:6)
  2 rats (D:2)
36 creatures vanquished.

Notes
Turn   | Place    | Note
-------+----------+-------------------------------------------
     0 | D:1      | emperorscorpion the Deep Dwarf Berserker began the quest
                  | for the Orb.
     0 | D:1      | Reached XP level 1. HP: 20/20 MP: 1/1
   133 | D:2      | Reached XP level 2. HP: 27/27 MP: 2/2
   207 | D:2      | Reached XP level 3. HP: 34/34 MP: 3/3
   247 | D:3      | Reached skill level 4 in Axes
   284 | D:3      | Reached XP level 4. HP: 42/42 MP: 4/4
   341 | D:4      | Found a shimmering altar of Xom.
   360 | D:5      | Entered Level 5 of the Dungeon
   453 | D:6      | Reached XP level 5. HP: 35/49 MP: 5/5
   454 | D:6      | Reached ** piety under Trog
   499 | D:6      | Reached skill level 5 in Axes
   572 | D:6      | Reached XP level 6. HP: 23/56 MP: 6/6
   598 | D:6      | Found a bloodstained altar of Trog.
   657 | D:6      | Shot with an arrow by a centaur

Levels and vault maps discovered:
D:1:      scummos_arrival_gate, layout_rooms
D:2:      layout_basic, tgw_trog, lemuel_doored_altar, vehumet_crystals,
          minmay_randomly_rotated_circles
D:3:      layout_loops_corners, okawaru_ov_weapons_minmay,
          nicolae_ru_great_annihilating_truth, first_ration,
          cheibrodos_gnoll_hut, uniq_jessica
D:4:      layout_rooms, old_standard_altar, minmay_temple_entry_nine_rooms,
          guppyfry_early_orc_mine
D:5:      layout_cave_pods, slow_altar_2, serial_park, serial_park_square2,
          serial_park_square1 [serial_park_minivault_5x5_7], serial_park_tiny_2
D:6:      layout_basic, overflow_temple_1_default, basic_altar,
          gup_sewer_entry_spiral

Skill      XL: |  1  2  3  4  5 |
---------------+----------------+-----
Fighting       | 3 |  3.5
Axes           | 4 5 |  5.2
Dodging        | 3 |  3.5
Armour         | 3 |  3.9

Action                   |  1- 3 |  4- 6 || total
-------------------------+-------+-------++-------
Melee: Hand axe          |    60 |    40 ||   100
Invok: Berserk           |     3 |     2 ||     5
 Abil: Heal Wounds       |       |     1 ||     1
  Use: Scroll            |       |     3 ||     3
  Eat: Chunk             |       |     3 ||     3
Armor: Ring mail         |    30 |    13 ||    43
       Animal skin       |     1 |       ||     1
Dodge: Dodged            |    47 |    34 ||    81

Table legend:
 A = Non-vault XP
 B = Vault XP
 C = Vault XP percentage of total XP
 D = Non-vault monster count
 E = Vault monster count
 F = Vault count percentage of total count
                 A         B        C        D         E       F
            +---------+---------+-------+---------+---------+-------
      Total |     363 |      23 |   6.0 |      30 |       6 |  16.7
            +---------+---------+-------+---------+---------+-------
        D:1 |       4 |       0 |   0.0 |       2 |       0 |   0.0
        D:2 |      15 |      23 |  60.5 |       6 |       6 |  50.0
        D:3 |      44 |       0 |   0.0 |       8 |       0 |   0.0
        D:4 |      24 |       0 |   0.0 |       2 |       0 |   0.0
        D:5 |      70 |       0 |   0.0 |       1 |       0 |   0.0
        D:6 |     206 |       0 |   0.0 |      11 |       0 |   0.0
            +---------+---------+-------+---------+---------+-------
